 Dungeon Crawl Stone Soup version 0.28-a0-1404-g4df0f3684d (webtiles) character file.

Game seed: 3446340510483856821

4638 flotson the Skirmisher (level 10, -2/77 HPs)
             Began as a Demonspawn Gladiator on Jan 5, 2022.
             Was an Initiate of Gozag.
             Killed from afar by Erica (32 damage)
             ... with a bolt of poison
             ... on level 9 of the Dungeon.
             The game lasted 00:16:01 (8406 turns).

flotson the Skirmisher (Demonspawn Gladiator)       Turns: 8406, Time: 00:16:03

Health: -2/77      AC: 18    Str: 18    XL:     10   Next: 20%
Magic:  10/10      EV: 14    Int:  8    God:    Gozag
Gold:   615        SH:  5    Dex: 15    Spells: 9/9 levels left

rFire   . . .      SeeInvis .   a - +0 broad axe
rCold   + + .      Faith    .   (no shield)
rNeg    . . .      Spirit   .   B - +3 leather armour of Leapfrog {Harm rC++ Int-2}
rPois   .          Reflect  +   c - +0 helmet
rElec   .          Harm     +   C - scarf {harm}
rCorr   .          Rampage  .   (gloves unavailable)
Will    .....                   (no boots)
Stlth   +.........              q - amulet of reflection
HPRegen 0.22/turn               D - +4 ring of protection
MPRegen 0.12/turn               o - +4 ring of protection

@: lethally poisoned (-2 -> -24), slowed, very slow
A: claws 3, slimy green scales 1, powered by death 2, condensation shield
a: Renounce Religion, Potion Petition, Call Merchant, Bribe Branch


You were on level 9 of the Dungeon.
You worshipped Gozag.
Gozag was pleased with you.
You visited 1 branch of the dungeon, and saw 9 of its levels.

You collected 1123 gold pieces.
You spent 435 gold pieces at shops.
You paid 73 gold pieces to Gozag.

Inventory:

Hand Weapons
 a - a +0 broad axe (weapon)
 b - a +6 flail of protection
Missiles
 d - 2 throwing nets
 e - 28 poisoned darts
 m - 3 silver javelins
 z - 6 javelins (quivered)
 A - 12 boomerangs
 U - 2 curare-tipped darts
Armour
 c - a +0 helmet (worn)
 B - the +3 leather armour of Leapfrog (worn) {Harm rC++ Int-2}
   (You took it off an orc on level 4 of the Dungeon)

   Int:       It affects your intelligence (-2).
   rC:        It greatly protects you from cold.
   Harm:      It increases damage dealt and taken.
 C - a scarf of harm (worn)
 W - the +0 buckler of Eternity {rPois Int+4 SInv Stlth+}
   (You bought it in a shop on level 8 of the Dungeon)

   Int:       It affects your intelligence (+4).
   rPois:     It protects you from poison.
   SInv:      It lets you see invisible.
   Stlth:     It makes you more stealthy.
Jewellery
 o - a +4 ring of protection (right claw)
 q - an amulet of reflection (around neck)
 y - the ring "Hokeuri" {rC+ Dex+3}
   (You found it on level 4 of the Dungeon)

   [ring of protection from cold]

   Dex:       It affects your dexterity (+3).
   rC:        It protects you from cold.
 D - a +4 ring of protection (left claw)
 M - a ring of resist corrosion
Wands
 i - a wand of flame (23)
 v - a wand of iceblast (1)
 F - a wand of paralysis (11)
 K - a wand of polymorph (8)
 T - a wand of acid (8)
Scrolls
 f - 8 scrolls of teleportation
 g - 4 scrolls of identify {unknown}
 j - a scroll of brand weapon {unknown}
 k - 2 scrolls of silence {unknown}
 l - a scroll of fog {unknown}
 p - 2 scrolls of immolation {unknown}
 w - 4 scrolls of amnesia {unknown}
 E - a scroll of noise {unknown}
 I - a scroll of fear {unknown}
 L - a scroll of magic mapping {unknown}
 N - a scroll of holy word {unknown}
 Q - a scroll of enchant armour {unknown}
 R - a scroll of blinking {unknown}
Potions
 h - a potion of resistance {unknown}
 n - a potion of flight {unknown}
 r - a potion of cancellation {unknown}
 s - 2 potions of heal wounds {unknown}
 t - 2 potions of haste {unknown}
 u - 3 potions of lignification {unknown}
 H - a potion of degeneration {unknown}
 J - 3 potions of curing


   Skills:
 + Level 6.5 Fighting
 + Level 6.3 Axes
 - Level 0.5 Staves
 + Level 6.0 Throwing
 + Level 5.5 Armour
 + Level 6.4 Dodging
 + Level 4.8 Evocations


You had 9 spell levels left.
You didn't know any spells.
Your spell library contained the following spells:

 Spells                   Type           Power      Damage    Failure   Level
 Summon Small Mammal      Summ           0%         N/A       45%         1
 Corpse Rot               Necr/Air       0%         N/A       58%         2
 Ensorcelled Hibernation  Hex/Ice        0%         N/A       58%         2
 Poisonous Vapours        Pois/Air       0%         N/A       58%         2
 Static Discharge         Conj/Air       0%         N/A       58%         2
 Call Canine Familiar     Summ           0%         N/A       83%         3
 Conjure Flame            Conj/Fire      0%         6-21      83%         3
 Ignite Poison            Fire/Tmut/Pois 0%         N/A       83%         3
 Spider Form              Tmut/Pois      0%         N/A       83%         3
 Summon Guardian Golem    Hex/Summ       0%         N/A       83%         3
 Sticky Flame             Conj/Fire      0%         2d3       99%         4
 Lightning Bolt           Conj/Air       0%         1d11      100%        5
 Dispersal                Tloc           0%         N/A       100%        6
 Disjunction              Tloc           0%         N/A       100%        8
 Maxwell's Capacitive Co  Air            0%         ∞         100%        8


Dungeon Overview and Level Annotations

Branches:
Dungeon (9/15)             Temple (0/1) D:7
   Lair: D:8-11         Orc: D:9-12

Altars:
Ashenzari
Cheibriados
Gozag
Hepliaklqana
Nemelex Xobeh
Ru
Sif Muna
Trog
Uskayaw
Wu Jian
The Shining One

Shops:
D:8 [

Annotations:
D:8 1 runed translucent door, Clumpoid's ghost, novice GnFi
D:9 Erica


Innate Abilities, Weirdness & Mutations

You have claws for hands.
You are partially covered in slimy green scales. (AC +2)
You regenerate health from kills.
A meltable shield of frost defends you. (SH +0)


Message History

You hear a shout! x3; You hear a roar!
You are too confused!
Unknown command.
You are too confused!
Unknown command.
You are too confused!
Unknown command.
You are too confused!
You're too confused to move!
The howler monkey howls!
Something hits you.
Your condensation shield dissipates!
Something burns you.
You bump into the rock wall.
The howler monkey hoots and howls with incredible vigour! x2
You hear some strange, mumbled words.
A lance of force appears from out of thin air!
The lance of force hits you!!
You are knocked back by the lance of force.
You hear a shout!
You feel better.
You feel yourself slow down.
The howler monkey hoots and howls with incredible vigour!
You hear a shout!
The howler monkey hoots and howls with incredible vigour!
You hear a roar!
The howler monkey hoots and howls with incredible vigour! x2
You hear an angry hiss.
You hear some strange, mumbled words.
A bolt of poison appears from out of thin air!
The bolt of poison hits you!!
You are poisoned.
You feel very sick.
Erica appears from thin air!
Reactivating autopickup.
Erica casts a spell at you. The bolt of poison hits you!!
You are more poisoned.
You die...
Your body crumbles into a pile of gold.

$ $ # ### #.# #.# #++# ##.# ..#
####..## #######..# ..# #....@.#
#........# ..# #....#.#
#........# ..+
+....#.######........# ..#
#....#.<.............# ..#
#.@..#...............' ..#
#.h..#####'###########
..##########.....................
......h....h.....................
.................................


You could see Erica and 2 howler monkeys.

Vanquished Creatures
  2 kobold demonologists (D:7)
  Prince Ribbit (D:5)
  Sigmund (D:4)
  A wraith (D:7)
  Edmund (D:4)
  2 water moccasins
  An acid dragon (D:9)
  A black bear (D:5)
  2 orc warriors (D:8)
  A necrophage (D:7)
  2 ogres
  3 centaurs
  A phantom (D:6)
  3 kobold brigands
  3 bullfrogs
  4 scorpions
  Blork the orc (D:6)
  A water moccasin zombie (D:5)
  A wyvern zombie (D:8)
  3 killer bees (D:8)
  8 wights
  2 howler monkeys (D:8)
  2 centaur zombies
  3 hounds
  A quasit (D:7)
  A jelly (D:6)
  An orc priest (D:5)
  2 bullfrog skeletons (D:5)
  A centaur skeleton (D:7)
  2 iguanas
  11 orc wizards
  A howler monkey zombie (D:5)
  Robin (D:2)
  4 gnolls
  7 adders
  4 shadow imps
  3 white imps
  2 ufetubi
  An adder zombie (D:5)
  A worm (D:2)
  5 dart slugs
  22 orcs
  6 bats
  6 endoplasms
  A giant cockroach (D:3)
  15 goblins
  10 hobgoblins
  12 jackals
  14 kobolds
  3 quokkas
  2 ball pythons (D:2)
  3 frilled lizards
  A goblin skeleton (D:7)
  6 hobgoblin zombies (D:7)
  2 kobold zombies (D:7)
  3 orc skeletons (D:7)
  An orc zombie (D:7)
  4 rats
209 creatures vanquished.

Notes
Turn   | Place    | Note
-------+----------+-------------------------------------------
     0 | D:1      | flotson the Demonspawn Gladiator began the quest for the
                  | Orb.
     0 | D:1      | Reached XP level 1. HP: 16/16 MP: 1/1
   341 | D:1      | Gained mutation: You regenerate a little health from kills.
                  | [demonic ancestry]
   341 | D:1      | Reached XP level 2. HP: 21/22 MP: 2/2
   679 | D:1      | Found a faded altar of an unknown god.
   974 | D:2      | Reached XP level 3. HP: 24/28 MP: 3/3
   991 | D:2      | Reached skill level 1 in Armour
  1211 | D:2      | Found a hazy altar of Hepliaklqana.
  1768 | D:2      | Noticed Robin
  1781 | D:2      | Gained mutation: You have sharp fingernails. [demonic
                  | ancestry]
  1781 | D:2      | Reached XP level 4. HP: 28/34 MP: 4/4
  1788 | D:2      | Killed Robin
  2450 | D:3      | Reached XP level 5. HP: 39/40 MP: 5/5
  2638 | D:3      | Noticed a centaur
  2647 | D:3      | Killed a centaur
  3306 | D:3      | Gained mutation: You have very sharp fingernails. [demonic
                  | ancestry]
  3306 | D:3      | Reached XP level 6. HP: 47/47 MP: 6/6
  3448 | D:4      | Noticed Sigmund
  3455 | D:4      | Killed Sigmund
  3490 | D:4      | Identified the ring "Hokeuri" {rC+ Dex+3}
  3501 | D:4      | Found a sacrificial altar of Ru.
  3513 | D:4      | Found a hide-covered altar of Uskayaw.
  3513 | D:4      | Found a shimmering blue altar of Sif Muna.
  3527 | D:4      | Identified the +3 leather armour of Leapfrog {Harm rC++
                  | Int-2}
  3689 | D:4      | Noticed Edmund
  3693 | D:4      | Killed Edmund
  3694 | D:4      | Gained mutation: A meltable shield of frost defends you.
                  | (SH +0) [demonic ancestry]
  3694 | D:4      | Reached XP level 7. HP: 53/53 MP: 7/7
  3726 | D:4      | Found a sparkling altar of Nemelex Xobeh.
  3726 | D:4      | Found a bloodstained altar of Trog.
  4157 | D:5      | Entered Level 5 of the Dungeon
  4351 | D:5      | Found a broken altar of Ashenzari.
  4361 | D:5      | Reached skill level 1 in Evocations
  4385 | D:5      | Gained mutation: You are partially covered in slimy green
                  | scales. (AC +2) [demonic ancestry]
  4385 | D:5      | Reached XP level 8. HP: 57/61 MP: 8/8
  4390 | D:5      | Noticed Prince Ribbit
  4401 | D:5      | Killed Prince Ribbit
  4494 | D:5      | Found an opulent altar of Gozag.
  4500 | D:5      | Became a worshipper of Gozag Ym Sagoz the Greedy
  4714 | D:5      | Reached skill level 5 in Dodging
  5003 | D:6      | Found an ornate altar of the Wu Jian Council.
  5084 | D:6      | Reached skill level 5 in Axes
  5114 | D:6      | Reached skill level 5 in Fighting
  5221 | D:6      | Noticed Blork the orc
  5225 | D:6      | Killed Blork the orc
  5235 | D:6      | Found a faded altar of an unknown god.
  5238 | D:6      | Found a hazy altar of Hepliaklqana.
  5429 | D:6      | Identified the +1 robe of Foolhardiness {rCorr Int+5}
  5506 | D:6      | Gained mutation: You have claws for hands. [demonic
                  | ancestry]
  5506 | D:6      | Reached XP level 9. HP: 68/68 MP: 9/9
  5943 | D:7      | Reached skill level 5 in Throwing
  6241 | D:7      | Found a staircase to the Ecumenical Temple.
  6268 | D:7      | Found a snail-covered altar of Cheibriados.
  7217 | D:8      | Reached skill level 5 in Armour
  7297 | D:8      | Noticed a kobold demonologist
  7302 | D:8      | Noticed a kobold demonologist
  7309 | D:8      | Noticed a red devil
  7310 | D:8      | Noticed a hellwing
  7319 | D:7      | Noticed an ice devil
  7319 | D:7      | Killed a kobold demonologist
  7332 | D:7      | Noticed a hellwing
  7333 | D:7      | Killed a kobold demonologist
  7388 | D:8      | Gained mutation: You regenerate health from kills. [demonic
                  | ancestry]
  7388 | D:8      | Reached XP level 10. HP: 76/76 MP: 10/10
  7537 | D:8      | Found a runed translucent door.
  7555 | D:8      | Found Qolaudwu's Armour Emporium.
  7598 | D:8      | Bought the +0 buckler of Eternity {rPois Int+4 SInv Stlth+}
                  | for 435 gold pieces
  8024 | D:8      | Noticed Clumpoid's ghost (novice GnFi)
  8381 | D:9      | Noticed Erica
  8406 | D:9      | Killed from afar by Erica

Illustrated notes

Levels and vault maps discovered:
D:1:      lemuel_arrival_rhombus, layout_basic, serial_corexii_hall,
          chequers_hall_statues_y, chequers_hall_statues_y,
          hellmonk_ecumenical_altar_inner_sanctum, chequers_serial_rivers_marsh
D:2:      layout_loops_ring, basic_altar, minmay_puff, uniq_robin
D:3:      layout_basic, minmay_crystal_water, minmay_goblin_kobold_house
D:4:      layout_cave_pods, minitemple,
          chequers_temple_overflow_statue_of_worship, uniq_sigmund, uniq_edmund
D:5:      layout_basic, overflow_temple_1_default, grunt_gozag_statues,
          uniq_prince_ribbit1
D:6:      layout_loops_ring, mainiacjoe_overflow_alcove_4,
          beargit_hepliaklqana_dungeon_heroes
D:7:      layout_basic, cheibriados_altar_1, nicolae_tso_besieged_by_evil,
          minmay_temple_entry_glassed_door
D:8:      layout_basic, ebering_ghost_reflecting_pool, kennysheep_windowed_goal
D:9:      layout_irregular_city, lemuel_doored_altar,
          nicolae_overflow_crystal_walls, hangedman_corner_corridor, uniq_erica

Skill      XL: |  1  2  3  4  5  6  7  8  9 10 |
---------------+-------------------------------+-----
Throwing       | 2 3 4 5 6 |  6.0
Axes           | 3 4 5 6 |  6.3
Dodging        | 3 4 5 6 |  6.4
Armour         | 1 2 3 4 5 |  5.5
Fighting       | 3 4 5 6 |  6.5
Evocations     | 1 3 4 |  4.8
Staves         | |  0.5

Action                   |  1- 3 |  4- 6 |  7- 9 | 10-12 || total
-------------------------+-------+-------+-------+-------++-------
Melee: War axe           |   108 |    60 |       |       ||   168
       Punch             |       |     5 |     1 |       ||     6
       Trident           |       |    97 |       |       ||    97
       Scythe            |       |    16 |       |       ||    16
       Flail             |       |       |   128 |       ||   128
       Quarterstaff      |       |       |    38 |    32 ||    70
       Broad axe         |       |       |       |    30 ||    30
 Fire: Shortbow          |       |    17 |   154 |       ||   171
Throw: Throwing net      |       |     2 |       |       ||     2
       Javelin           |       |     6 |     4 |       ||    10
  Use: Scroll            |       |       |       |     1 ||     1
       Potion            |       |       |       |     1 ||     1
Armor: Ring mail         |    55 |    79 |       |       ||   134
       Leather armour    |       |     2 |    87 |    30 ||   119
Dodge: Dodged            |    65 |   113 |   142 |    55 ||   375
Block: Other             |       |    26 |   135 |    35 ||   196
       Reflection        |       |       |     6 |     1 ||     7

Table legend: (Time is in decaauts)
 A = Elapsed time spent in this place.
 B = Non-inter-level travel time spent in this place.
 C = Inter-level travel time spent in this place.
 D = Time resting spent in this place.
 E = Time spent auto-exploring this place.
 F = Levels seen in this place.
 G = Mean time per level.
                   A        B        C        D        E       F      G
               +--------+--------+--------+--------+--------+-----+--------+
         Total |   8631 |   8355 |    276 |    246 |   6219 |   9 |  959.0 |
       Dungeon |   8631 |   8355 |    276 |    246 |   6219 |   9 |  959.0 |
               +--------+--------+--------+--------+--------+-----+--------+

Top non-repeatable levels by time:
     D:3: 1283 daAuts
     D:7: 1200 daAuts
     D:8: 1118 daAuts
     D:2: 1109 daAuts
     D:1: 983 daAuts
     D:4: 941 daAuts
     D:6: 881 daAuts
     D:5: 754 daAuts
     D:9: 359 daAuts
